 Dungeon Crawl Stone Soup version 0.20.1-1-g8b1a95d (console) character file.

95 Gakens the Bolt Thrower (level 4, -39/28 HPs)
             Began as a Kobold Hunter on Dec 10, 2017.
             Killed from afar by an orc (44 damage)
             ... with an exploding inner flame
             ... hexed by the player character
             ... on level 3 of the Dungeon.
             The game lasted 00:27:10 (2455 turns).

Gakens the Bolt Thrower (Kobold Hunter)             Turns: 2455, Time: 00:27:11

Health: -39/28     AC:  3    Str:  9    XL:     4   Next: 97%
Magic:  4/4        EV: 20    Int: 12    God:
Gold:   86         SH:  0    Dex: 21    Spells: 3/3 levels left

rFire    . . .     SeeInvis .   g - +2 dagger (venom)
rCold    . . .     Gourm    .   (shield restricted)
rNeg     . . .     Faith    .   c - +0 leather armour
rPois    .         Spirit   .   (no helmet)
rElec    .         Reflect  .   (no cloak)
rCorr    .         Harm     .   (no gloves)
MR       .....                  (no boots)
Stlth    +++.......             (no amulet)
Regen    0.1/turn               (no ring)
MPRegen  0.1/turn               (no ring)

@: agile
A: carnivore 3
a: no special abilities


You were on level 3 of the Dungeon.
You were not hungry.

You visited 1 branch of the dungeon, and saw 3 of its levels.

You collected 86 gold pieces.

Inventory:

Hand Weapons
 a - a +1 hand crossbow
 g - a +2 dagger of venom (weapon)
Missiles
 d - 15 bolts
Armour
 c - a +0 leather armour (worn)
Jewellery
 r - an uncursed ring of ice {unknown}
Scrolls
 h - 2 scrolls of immolation
 i - 2 scrolls of enchant weapon {unknown}
 j - a scroll of identify {unknown}
 l - a scroll of amnesia {unknown}
 m - a scroll of magic mapping {unknown}
 n - a scroll of remove curse {unknown}
 p - 2 scrolls of teleportation {unknown}
 s - a scroll of fear {unknown}
Potions
 k - a potion of haste {unknown}
 o - a potion of might {unknown}
 q - a potion of cancellation {unknown}
 t - a potion of curing {unknown}
Comestibles
 b - 3 bread rations
 f - a meat ration


   Skills:
 + Level 3.1 Fighting
 + Level 1.3 Short Blades
 + Level 5.8 Crossbows
 + Level 0.8 Armour
 + Level 2.8 Dodging
 + Level 1.9 Stealth


You had 3 spell levels left.
You didn't know any spells.

Dungeon Overview and Level Annotations

Branches:
Dungeon (3/15)

Altars:


Innate Abilities, Weirdness & Mutations

You are small and have problems with some larger weapons.
You are carnivorous and can eat meat at any time.


Message History

You barely miss the orc. The orc completely misses you.
The orc hits you with a hand axe.
You hit the orc.
The orc is poisoned.
The orc is lightly wounded.
The orc hits you from afar with a trident!
* * * LOW HITPOINT WARNING * * *
The orc closely misses you.
It was a potion of agility.
You feel agile all of a sudden. The orc completely misses you.
The orc hits you with a hand axe.
* * * LOW HITPOINT WARNING * * *
As you read the scroll labeled TUNO VU DERARI, it crumbles to dust.
The creatures around you are filled with an inner flame!
It was a scroll of immolation.
The orc barely misses you.
You barely miss the orc.
The orc is almost dead.
The orc explodes!
The fiery explosion engulfs you!
Ouch! That really hurt!
You die...

### #....#..# ...
.§#...##.
#.#.##......>.
#....<...#....
######.....[... .
#...o...#...... ...
#.....†..#.#...
.....#####o.......#.#
..
.......@§oo...........
.
##########o.......?.#.
..........##.###
#<#(.......# .#
.....######## # ....##
.##. #


You could see an orc priest (inner flame), an orc wizard and 2 orcs.

Vanquished Creatures
  2 adders (D:2)
  A gnoll (D:2)
  2 dart slugs
  2 leopard geckos
  3 ball pythons (D:1)
  3 giant cockroaches
  3 goblins
  3 hobgoblins
  14 jackals
  7 bats
  9 frilled lizards
  2 kobolds
  9 rats
60 creatures vanquished.

Notes
Turn   | Place    | Note
-------+----------+-------------------------------------------
     0 | D:1      | Gakens the Kobold Hunter began the quest for the Orb.
     0 | D:1      | Reached XP level 1. HP: 12/12 MP: 1/1
    17 | D:1      | Reached skill level 5 in Crossbows
   157 | D:1      | Reached XP level 2. HP: 18/18 MP: 2/2
   433 | D:1      | Reached XP level 3. HP: 22/22 MP: 3/3
  1481 | D:2      | Reached XP level 4. HP: 10/27 MP: 4/4
  1605 | D:2      | Reached skill level 1 in Short Blades
  2455 | D:3      | Killed from afar by an orc

Skill      XL: |  1  2  3  4 |
---------------+-------------+-----
Crossbows      | 5 |  5.8
Short Blades   | 1 |  1.3
Fighting       | 3 |  3.1
Armour         | |  0.8
Dodging        | |  2.8
Stealth        | |  1.9

Action                   |  1- 3 |  4- 6 || total
-------------------------+-------+-------++-------
Melee: Short sword       |    33 |       ||    33
       Dagger            |    10 |    27 ||    37
       Hand crossbow     |       |     1 ||     1
 Fire: Hand crossbow     |    52 |    33 ||    85
  Use: Scroll            |       |     1 ||     1
       Potion            |       |     1 ||     1
 Stab: Sleeping          |     1 |       ||     1
  Eat: Meat ration       |     1 |       ||     1
Armor: Leather armour    |    15 |     3 ||    18
Dodge: Dodged            |    57 |    39 ||    96
